 Dungeon Crawl Stone Soup version 0.29.1-12-g30fa7ad0bf (webtiles) character file.

Game seed: 9597958120964393439

0 croobank the Sneak (level 1, -3/18 HPs)
             Began as a Demonspawn Delver on Jan 4, 2023.
             Slain by a gnoll
             ... wielding a +0 whip
              (7 damage)
             ... on level 5 of the Dungeon.
             The game lasted 00:00:48 (40 turns).

croobank the Sneak (Demonspawn Delver)                Turns: 40, Time: 00:00:49

Health: -3/18      AC:  3    Str: 12    XL:     1   Next: 0%
Magic:  1/1        EV: 11    Int: 11    God:
Gold:   0          SH:  0    Dex: 14    Spells: 0/0 levels left

rFire   . . .      SeeInvis .   a - +0 hand axe
rCold   . . .      Faith    .   (no shield)
rNeg    . . .      Spirit   .   b - +0 leather armour
rPois   .          Reflect  .   (no helmet)
rElec   .          Harm     .   (no cloak)
rCorr   .          Rampage  .   (no gloves)
Will    .....                   (no boots)
Stlth   ++........              (no amulet)
HPRegen 0.06/turn               (no ring)
MPRegen 0.07/turn               (no ring)

@: hasted, very quick
A: no striking features
a: no special abilities


You were on level 5 of the Dungeon.
You visited 1 branch of the dungeon, and saw 2 of its levels.

Inventory:

Hand Weapons
 a - a +0 hand axe (weapon)
Armour
 b - a +0 leather armour (worn)
Jewellery
 e - a ring of poison resistance
Wands
 g - a wand of digging (3)
Scrolls
 c - a scroll of fog
 d - a scroll of magic mapping


   Skills:
 + Level 3.0 Fighting
 + Level 1.7 Axes
 + Level 1.7 Dodging
 + Level 4.5 Stealth


You couldn't memorise any spells.
You didn't know any spells.
Your spell library was empty.

Dungeon Overview and Level Annotations

Branches:
Dungeon (6/15)
 Temple: D:4-7

Altars:


Message History

The orc priest looks frightened!
The necrophage is unaffected.
You hear a shout!
The orc wizard points at you and mumbles some strange words.
The puff of flame hits you!
An orc comes into view. It is wielding a +0 dagger.
An orc comes into view. It is wielding a +0 short sword.
Found a stone staircase leading down.
An ice beast comes into view.
The orc wizard gestures wildly while chanting.
The orc wizard flickers and vanishes!
Deactivating autopickup; reactivate with Ctrl-A.
The orc hits you with a +0 short sword.
The teleport trap disappears.
The ice beast disappears!
Found a tubular peridot ring.
A howler monkey comes into view.
Found a rapier.
The howler monkey howls!
You see here a ring of poison resistance.
e - a ring of poison resistance The howler monkey hoots and howls with incredible vigour!
You hear an angry hiss. x2; You hear a loud, deep croak! x2
The howler monkey hoots and howls with incredible vigour!
You hear a croak.
You hear a loud, deep croak!
You hear a shout!
A puff of flame appears from out of thin air!
The puff of flame misses you.
An adder comes into view.
An iguana comes into view.
The iguana hisses angrily.
A bullfrog comes into view.
The bullfrog croaks.
The bullfrog barely misses you.
There is a stone staircase leading up here.
The bullfrog hits you.
* * * LOW HITPOINT WARNING * * *
The howler monkey hoots and howls with incredible vigour!
You hear a shout! x2
You climb upwards.
Reactivating autopickup.
The gnoll hits you with a +0 whip!
You die...

#.......#
#.......#
........
#......
##.....##
#.......####
#...g......#
#...F@..#
##ggg..##
##...##
#####


You could see a bullfrog and 4 gnolls.

Vanquished Creatures (others)
  A fungus (D:5)
1 creature vanquished.

Notes
Turn   | Place    | Note
-------+----------+-------------------------------------------
     0 | D:5      | croobank the Demonspawn Delver began the quest for the Orb.
     0 | D:5      | Reached XP level 1. HP: 18/18 MP: 1/1
     1 | D:6      | Noticed a necrophage
    10 | D:6      | Noticed an orc wizard
    10 | D:6      | Noticed an orc priest
    13 | D:6      | Noticed an ice beast
    20 | D:6      | Noticed a howler monkey
    34 | D:6      | Noticed an iguana
    37 | D:6      | Noticed a bullfrog
    40 | D:5      | Slain by a gnoll

Illustrated notes

Levels and vault maps discovered:
D:5:      layout_rooms, lemuel_round_altar, minmay_temple_entry_large_hall,
          serial_aquarium, aquarium_bridge_straight [aquarium_subvault_bridge,
          aquarium_subvault_wall, aquarium_subvault_bridge,
          aquarium_subvault_window], aquarium_window_1, aquarium_window_2,
          aquarium_view_2e, aquarium_balcony_1b, aquarium_pool_four,
          grunt_decor_mini_mirrors, palyth_stone_intersect, uniq_duvessa,
          uniq_prince_ribbit1
D:6:      layout_rooms, minmay_misc_feat_enclosed, dk_vineyard_2, uniq_menkaure

Action                   || total
-------------------------++-------
  Use: Scroll            ||     1
       Potion            ||     1
Dodge: Dodged            ||     4
